 Seeded DCSS version 0.30-a0-918-g0ff054e9dc (webtiles) character file.

Game seed: 8365755735312380830 (custom seed)

16 a11behringer the Conjurer (level 2, 0/14 (17) HPs)
             Began as a Tengu Reaver on Mar 20, 2023.
             Slain by a goblin
             ... wielding a +0 dagger
             ... led by Robin
              (3 damage)
             ... on level 2 of the Dungeon.
             The game lasted 00:02:57 (609 turns).

a11behringer the Conjurer (Tengu Reaver)             Turns: 609, Time: 00:02:58

HP:   0/14 (17)     AC:  4    Str: 12    XL:     2   Next: 58%
MP:   6/6           EV: 12    Int: 13    God:
Gold: 11            SH:  0    Dex: 12    Spells: 4/5 levels left

rFire   . . .      SeeInvis .    a - +0 falchion
rCold   . . .      Faith    .    (no shield)
rNeg    . . .      Spirit   .    b - +0 leather armour
rPois   .          Reflect  .    j - +1 hat
rElec   .          Rampage  .    (no cloak)
rCorr   .                        (no gloves)
Will    .....                    (boots unavailable)
Stlth   +                        (no amulet)
HPRegen 0.22/turn                (no ring)
MPRegen 0.10/turn                (no ring)

@: heavily drained
A: beak, talons 3
a: no special abilities


You were on level 2 of the Dungeon.
You visited 1 branch of the dungeon, and saw 2 of its levels.

You collected 11 gold pieces.

Inventory:

Hand Weapons
 a - a +0 falchion (weapon)
Armour
 b - a +0 leather armour (worn)
 c - a +0 plate armour
 j - a +1 hat (worn)
Scrolls
 f - a scroll of identify {unknown}
 h - a scroll of enchant weapon {unknown}
 i - a scroll of magic mapping {unknown}
Potions
 d - a potion of haste {unknown}
 e - a potion of might {unknown}
 g - a potion of lignification {unknown}


   Skills:
 + Level 2.2 Fighting
 * Level 3.5 Long Blades
 + Level 2.4 Dodging
 + Level 2.1 Spellcasting
 * Level 4.2 Conjurations


You had 4 spell levels left.
You knew the following spells:

 Your Spells              Type           Power      Damage    Failure   Level
a - Kiss of Death         Conj/Necr      24%        2d7       13%         1

Your spell library contained the following spells:

 Spells                   Type           Power      Damage    Failure   Level
 Momentum Strike          Conj/Tloc      12%        3d8       21%         2
 Hailstorm                Conj/Ice       6%         3d4       36%         3


Dungeon Overview and Level Annotations

Branches:
Dungeon (2/15)

Altars:

Annotations:
D:2 Robin


Innate Abilities, Weirdness & Mutations

You have a beak for a mouth.
You have claws for feet.


Message History

The negative energy hits the goblin.
The goblin is drained!
You kill the goblin!
You feel drained. The hobgoblin barely misses you.
Robin roars a battlecry!
The goblin goes into a battle-frenzy!
A goblin comes into view. It is wielding a +0 dagger of venom.
Robin says, "A pitiful Tengu like you will never find the ORB!"
You see here a +0 club.
You closely miss the hobgoblin. You claw the hobgoblin.
The hobgoblin is almost dead.
You hit the hobgoblin.
You kill the hobgoblin!
The goblin hits you with a +0 dagger.
You closely miss the goblin. Your peck misses the goblin.
Robin throws the goblin at you! The goblin hits you with a +0 dagger.
The goblin attacks as you move away!
The goblin hits you with a +0 dagger of speed.
* * * LOW HITPOINT WARNING * * *
The goblin attacks as you move away! The goblin misses you.
As you open the door, it creaks loudly! The goblin barely misses you.
The goblin hits you with a +0 dagger.
* * * LOW HITPOINT WARNING * * *
The goblin barely misses you. The goblin misses you.
There is an open door here.
The goblin no longer looks unusually strong.
Robin roars a battlecry!
The goblin goes into a battle-frenzy!
You slash the goblin!
You kill the goblin!
The goblin no longer looks unusually strong.
You closely miss the goblin. Your kick misses the goblin.
The goblin completely misses you. The goblin barely misses you.
Robin roars a battlecry!
The goblin goes into a battle-frenzy!
You hit the goblin. Your kick misses the goblin.
The goblin is severely wounded.
A goblin comes into view. It is wielding a +2 dagger of pain.
The goblin hits you with a +0 dagger.
You die...

#......# #....... ###......# ###
#####..... #........#
#.###......# #........##
#...#...$..+ #
#.....<...##+#........g.##.#
#.......>...........g.#)gg.#
#............<.....gK.###K.g...>
#........).....###....###.g##...
####...........+@gg.....#.g.. .
#...........###...####K####
#...##......'...........
######......#########^##
#......# #.##'### #.##.###
#......# #####.#.#


You could see Robin, 4 goblins and a kobold.

Vanquished Creatures
  3 endoplasms (D:1)
  A giant cockroach (D:1)
  3 goblins (D:2)
  2 hobgoblins
  3 kobolds
  A bat (D:1)
  A rat (D:1)
14 creatures vanquished.

Notes
Turn   | Place    | Note
-------+----------+-------------------------------------------
     0 | D:1      | a11behringer the Tengu Reaver began the quest for the Orb.
     0 | D:1      | Reached XP level 1. HP: 12/12 MP: 4/4
   190 | D:1      | Found a faded altar of an unknown god.
   221 | D:1      | Reached XP level 2. HP: 17/17 MP: 6/6
   590 | D:2      | Noticed Robin
   609 | D:2      | Slain by a goblin

Illustrated notes

Levels and vault maps discovered:
D:1:      dpeg_arrival_circle_labyrinth_a, layout_rooms,
          dreamdust_ecumenical_altar_grove
D:2:      layout_basic, minmay_misc_feat_alley, uniq_robin

Action                     || total
---------------------------++-------
  Melee: Falchion          ||    26
         Kick              ||     6
         Peck              ||     3
   Cast: Kiss of Death     ||     1
 Armour: Plate armour      ||     6
         Leather armour    ||     1
  Dodge: Dodged            ||    13

Table legend: (Time is in decaauts)
 A = Elapsed time spent in this place.
 B = Non-inter-level travel time spent in this place.
 C = Inter-level travel time spent in this place.
 D = Time resting spent in this place.
 E = Time spent auto-exploring this place.
 F = Levels seen in this place.
 G = Mean time per level.
                   A        B        C        D        E       F      G
               +--------+--------+--------+--------+--------+-----+--------+
         Total |    612 |    533 |     79 |      0 |    424 |   2 |  306.0 |
       Dungeon |    612 |    533 |     79 |      0 |    424 |   2 |  306.0 |
               +--------+--------+--------+--------+--------+-----+--------+

Top non-repeatable levels by time:
     D:1: 516 daAuts
     D:2: 95 daAuts
